AoeStats
← mati

Arabia

509958783Analyzed
3v3 RM · 3d ago on Sep 28, 2026· 53m 33s· 6 players
Game mode
Random Map
Map size
Normal (6 player)
Population
200
Speed
Normal
Resources
Standard
Victory
Conquest
Starting age
Dark Age
Ending age
Imperial Age
RankedLock teamsTeams togetherTeam positionsShared explorationLock speedFull tech treeHidden civsTurbo modeCheats
Victory
Defeat
🇬🇧 Britons · United Kingdom
1124
+14
🇬🇧 Saxons · United Kingdom
1088
+16
🇬🇧 Lithuanians · United Kingdom
1020
+18
🇸🇪 Britons · Sweden
1088
-16
🇩🇪 Magyars · Germany
1083
-16
🇩🇪 Mongols · Germany
1083
-16
Lamy's Back
7:20 Loom
10:19 Feudal Age
11:09 Double-Bit Axe
13:16 Fletching
23:50 Padded Archer Armor
29:11 Castle Age
28:33 Horse Collar
29:20 Arson
30:09 Bodkin Arrow
30:28 Crossbowman
31:48 Bow Saw
31:52 Pikeman
33:24 Leather Archer Armor
35:00 Squires
36:03 Elite Skirmisher
39:41 Ballistics
41:04 Wheelbarrow
44:27 Heavy Plow
44:55 Masonry
44:41 Murder Holes
45:42 Fortified Wall
45:55 Hand Cart
50:12 Imperial Age
48:10 Gold Mining
52:50 Two-Man Saw
52:01 Bracer
52:32 Ring Archer Armor
53:59 Yeomen
54:20 Architecture
Hinbin
6:21 Loom
8:58 Feudal Age
9:45 Double-Bit Axe
12:23 Horse Collar
15:05 Forging
15:01 Scale Barding Armor
22:09 Castle Age
20:35 Gold Mining
23:06 Wheelbarrow
22:50 Bloodlines
23:14 Husbandry
24:44 Iron Casting
27:44 Chain Barding Armor
30:34 Hand Cart
42:46 Imperial Age
42:52 Scale Mail Armor
44:05 Plate Barding Armor
42:52 Cavalier
45:59 Chemistry
44:50 Paladin
ThePiper
5:55 Loom
8:57 Feudal Age
9:34 Double-Bit Axe
13:44 Fletching
15:32 Horse Collar
18:57 Wheelbarrow
20:20 Padded Archer Armor
23:11 Castle Age
23:53 Bodkin Arrow
26:36 Stone Mining
26:37 Gold Mining
26:57 Thumb Ring
27:30 Padded Archer Armor
26:54 Crossbowman
29:47 Leather Archer Armor
32:22 Ballistics
34:21 Squires
34:07 Arson
34:27 Scale Mail Armor
34:38 Forging
34:53 Bow Saw
37:31 Imperial Age
36:03 Chain Mail Armor
35:42 Gambesons
37:32 Iron Casting
38:46 Bracer
39:48 Chemistry
38:34 Arbalester
39:28 Capped Ram
41:32 Two-Man Saw
45:43 Conscription
47:39 Elite Varangian Guard
49:11 Plate Mail Armor
50:56 Ring Archer Armor
Kellokz
6:34 Loom
7:23 Loom
10:18 Feudal Age
12:07 Double-Bit Axe
20:46 Castle Age
18:50 Horse Collar
19:49 Fletching
22:06 Thumb Ring
24:05 Bodkin Arrow
26:34 Wheelbarrow
26:49 Padded Archer Armor
27:35 Husbandry
28:31 Bloodlines
28:58 Gold Mining
29:25 Leather Archer Armor
30:19 Hand Cart
36:05 Ballistics
43:47 Imperial Age
42:29 Stone Mining
45:06 Conscription
44:52 Elite Mangudai
46:09 Parthian Tactics
49:12 Bracer
Kauly | TTV
9:26 Loom
11:30 Feudal Age
13:40 Padded Archer Armor
18:20 Castle Age
16:53 Double-Bit Axe
17:37 Horse Collar
21:00 Scale Barding Armor
23:26 Bloodlines
27:36 Heavy Plow
30:22 Wheelbarrow
33:15 Bow Saw
35:49 Husbandry
37:03 Gold Mining
39:14 Corvinian Army
41:15 Chain Barding Armor
47:20 Imperial Age
47:43 Cavalier
49:01 Plate Barding Armor
49:17 Paladin
49:36 Pikeman
51:01 Halberdier
mati
7:36 Loom
9:39 Feudal Age
10:50 Double-Bit Axe
12:20 Horse Collar
21:06 Castle Age
19:42 Padded Archer Armor
24:27 Bow Saw
24:56 Heavy Plow
25:14 Fletching
26:41 Leather Archer Armor
27:12 Crossbowman
32:00 Gold Mining
33:03 Ballistics
39:14 Wheelbarrow
38:29 Town Watch
41:06 Bodkin Arrow
46:57 Imperial Age
44:43 Hand Cart
45:09 Town Patrol
47:30 Yeomen
48:13 Bracer
48:44 Ring Archer Armor
49:17 Chemistry
49:28 Conscription
50:32 Arbalester
52:08 Pikeman
52:48 Squires
52:34 Arson
52:51 Scale Mail Armor
53:01 Forging
53:02 Halberdier
Connection lost

Rejoining the realm…

Still unreachable

The connection could not be restored.

Session expired

The server has moved on; the page needs a fresh start.